 Dungeon Crawl Stone Soup version 0.18.1-50-g88ac8fd (webtiles) character file.

59 ololoev the Magician (level 3, -6/19 HPs)
             Began as a Deep Elf Fire Elementalist on Nov 3, 2016.
             Mangled by an orc
             ... wielding a +0 hand axe
              (8 damage)
             ... on level 2 of the Dungeon.
             The game lasted 00:04:34 (714 turns).

ololoev the Magician (Deep Elf Fire Elementalist)    Turns: 714, Time: 00:04:35

Health: -6/19      AC:  2    Str:  5    XL:     3   Next: 78%
Magic:  8/10       EV: 13    Int: 20    God:
Gold:   42         SH:  4    Dex: 15    Spells: 3 memorised, 3 levels left

rFire  . . .     SeeInvis .     a - +2 short sword (elec)
rCold  . . .     Gourm    .     j - +0 robe
rNeg   . . .     Faith    .     (no shield)
rPois  +         Spirit   .     (no helmet)
rElec  .         Dismiss  .     (no cloak)
rCorr  .         Reflect  +     (no gloves)
SustAt .         Harm     .     (no boots)
MR     .....                    m - +4 amulet of reflection
Stlth  ++........               (no ring)
                                g - ring of poison resistance

@: not resistant to hostile enchantments, unstealthy
A: no striking features
a: no special abilities

Inventory:

Hand Weapons
 a - a +2 short sword of electrocution (weapon)
Armour
 j - a +0 robe (worn)
Jewellery
 g - a ring of poison resistance (left hand)
 m - a +4 amulet of reflection (around neck)
Scrolls
 d - 4 scrolls of teleportation {unknown}
 e - a scroll of magic mapping {unknown}
 i - a scroll of identify {unknown}
 k - a scroll of recharging {unknown}
Potions
 h - a potion of might {unknown}
Books
 b - a book of Flames

   Spells                             Type                      Level
   a - Flame Tongue                   Conjuration/Fire             1
   b - Throw Flame                    Conjuration/Fire             2
   c - Conjure Flame                  Conjuration/Fire             3
   d - Inner Flame                    Hexes/Fire                   3
   e - Sticky Flame                   Conjuration/Fire             4
   f - Fireball                       Conjuration/Fire             5
Comestibles
 c - 2 bread rations
 f - a slice of pizza
 l - a chunk of flesh


   Skills:
 - Level 2.4 Dodging
 - Level 2.4 Stealth
 + Level 4.1 Spellcasting
 + Level 2.2 Conjurations
 + Level 4.1 Fire Magic


You had 3 spell levels left.
You knew the following spells:

 Your Spells              Type           Power        Failure   Level  Hunger
a - Flame Tongue          Conj/Fire      ###..        3%          1    None
b - Conjure Flame         Conj/Fire      ###.....     12%         3    ###....
c - Inner Flame           Hex/Fire       ##......     17%         3    ###....


You were on level 2 of the Dungeon.
You were not hungry.

You visited 1 branch of the dungeon, and saw 3 of its levels.

You collected 42 gold pieces.

#.# #.#...#
#.# #.#...#
#.###.....#
.#.......#
#.......#
#.......##.##
#............
#....o.###.##
#####o@# ..
#.o## . #...#
##..# #..#
#..# ....#
###.## #.#

Notes
Turn   | Place    | Note
--------------------------------------------------------------
     0 | D:1      | ololoev the Deep Elf Fire Elementalist began the quest for the Orb.
     0 | D:1      | Reached XP level 1. HP: 10/10 MP: 6/6
    47 | D:1      | Reached XP level 2. HP: 15/15 MP: 2/8
   356 | D:2      | Reached XP level 3. HP: 19/19 MP: 8/10
   361 | D:2      | Learned a level 3 spell: Conjure Flame
   365 | D:2      | Learned a level 3 spell: Inner Flame
   371 | D:2      | Found an oddly glowing altar of Pakellas.
   714 | D:2      | Mangled by an orc

Dungeon Overview and Level Annotations

Branches:
Dungeon (3/15)

Altars:
Pakellas


Message History

Confirm with . or Enter, or press ? or * to list all spells.
Aiming: Flame Tongue
Press: ? - help, Shift-Dir - straight line, f/p - adder
Aim: an adder (moderately wounded)
The flame tongue hits the adder.
You kill the adder!
Your magical contamination has completely faded away.
Found a glowing dagger.
A goblin comes into view.
Really attack while wielding your 2 bread rations?
Okay, then.
A kobold comes into view.
Casting: Flame Tongue
Confirm with . or Enter, or press ? or * to list all spells.
Aiming: Flame Tongue
Press: ? - help, Shift-Dir - straight line, f - goblin
Aim: a goblin (resting)
The flame tongue hits the goblin.
You kill the goblin!
Casting: Flame Tongue
Confirm with . or Enter, or press ? or * to list all spells.
Aiming: Flame Tongue
Press: ? - help, Shift-Dir - straight line, f - kobold
Aim: a kobold (resting)
The flame tongue hits the kobold.
You kill the kobold!
Found a chain mail.
As you open the door, it creaks loudly!
There is an open door here.
Things that are here:
3 stones; a kobold corpse
There is an open door here.
Found a stone staircase leading down.
m - a thin ivory amulet Put on which piece of jewellery? (? for menu, Esc to quit)
m - a +4 amulet of reflection (around neck)
There is a stone staircase leading down here.
Found a ring mail.
You now have 42 gold pieces (gained 10).
(D) Dungeon
Where to? (Enter - D:1 @ (x,y), ? - help)
There is a stone staircase leading down here.
You climb downwards.
You hear the sound of rushing water.
There is an entrance to a sewer on this level.
Hurry and find it before the portal rusts away! 3 orcs and an orc priest come into view.
Found an amulet of reflection.
There is a stone staircase leading up here.
You hear the crackle of electricity.
a - a +2 short sword of electrocution (weapon)
The helpless orc priest fails to defend itself.
You hit the orc priest.
The orc priest is moderately wounded.
The orc shouts! x3
The orc priest hits you but does no damage.
The orc hits you with a hand axe. The orc hits you with a dagger.
You block the orc priest's attack. The orc hits you with a hand axe.
You climb upwards.
There is a stone staircase leading down here.
Casting: Flame Tongue
Confirm with . or Enter, or press ? or * to list all spells.
Aiming: Flame Tongue
Press: ? - help, Shift-Dir - straight line, f - orc priest
Aim: an orc priest, wearing a chain mail (moderately wounded)
The flame tongue hits the orc priest.
The orc priest appears unharmed.
The orc priest is moderately wounded.
The orc hits you with a dagger. The orc priest hits you.
The orc hits you with a hand axe.
Casting: Flame Tongue
Confirm with . or Enter, or press ? or * to list all spells.
Aiming: Flame Tongue
Press: ? - help, Shift-Dir - straight line, f/p - orc priest
Aim: an orc priest, wearing a chain mail (moderately wounded)
The flame tongue hits the orc priest.
The orc priest is severely wounded.
The orc barely misses you.
The orc priest hits you but does no damage.
The orc hits you with a hand axe!
You die...

You could see an orc priest and 2 orcs.

Vanquished Creatures
  2 adders (D:2)
  An ooze (D:1)
  3 dart slugs
  A giant gecko (D:2)
  4 bats
  5 goblins
  A hobgoblin (D:1)
  2 jackals (D:1)
  6 kobolds
  A quokka (D:2)
  2 rats (D:1)
28 creatures vanquished.

Action                   || total
-------------------------++-------
Melee: Short sword       ||     1
 Cast: Flame Tongue      ||    57
 Stab: Sleeping          ||     1
Armor: Robe              ||     9
Dodge: Dodged            ||    10
Block: Other             ||     1

Vault maps used:
D:1:      mrwooster_arrival_statue_2, kennysheep_boxes
D:2:      lemuel_crystal_altar
D:3:      first_bread, gup_sewer_entry_glass, st_stairs_8
